 Dungeon Crawl Stone Soup version 0.31-a0-1111-ga3525b893c (webtiles) character file.

Game seed: 11204573075451441546

647 jt the Firebug (level 7, 0/60 HPs)
             Began as a Naga Fire Elementalist on Dec 3, 2023.
             Was an Initiate of Vehumet.
             Slain by Pikel
             ... wielding a +1 whip of electrocution
              (14 damage)
             ... on level 5 of the Dungeon.
             The game lasted 00:12:48 (4411 turns).

jt the Firebug (Naga Fire Elementalist)             Turns: 4411, Time: 00:12:49

Health: 0/60       AC:  3    Str: 16    XL:     7   Next: 52%
Magic:  9/11       EV: 15    Int: 17    God:    Vehumet [......]
Gold:   28         SH:  0    Dex: 12    Spells: 4/12 levels left

rFire   + . .        a - staff of fire
rCold   . . .        (no shield)
rNeg    . . .        k - +0 robe
rPois   +            (no helmet)
rElec   .            (no cloak)
rCorr   .            (no gloves)
SInv    +            (no barding)
Will    .....        (no amulet)
Stlth   ++           r - +5 ring of evasion
HPRegen 0.30/turn    D - +6 ring of strength
MPRegen 0.12/turn

%: no passive effects
@: brilliant, short of breath, studying Maces & Flails, very slow
A: AC +2, large, see invisible, deformed body, poison resistance, slowness 2,
spit poison 1, naga tail 1
a: Spit Poison, Renounce Religion


You were on level 5 of the Dungeon.
You worshipped Vehumet.
Vehumet was noncommittal.
You visited 1 branch of the dungeon, and saw 6 of its levels.

You collected 280 gold pieces.
You spent 252 gold pieces at shops.

Inventory:

Hand Weapons
 c - a +0 dagger
 e - a +0 short sword
 g - a +0 falchion
 i - a +0 sling
 m - a +1 dagger of pain
 n - a +0 spear
 q - a +1 whip of venom
 y - a +2 hand axe of freezing
Missiles
 p - 45 stones
Armour
 k - a +0 robe (worn)
Magical Staves
 a - a staff of fire (weapon)
Jewellery
 r - a +5 ring of evasion (left hand)
 s - a ring of fire
 D - a +6 ring of strength (right hand)
Talismans
 x - a maw talisman
Wands
 C - a wand of acid (1)
Scrolls
 h - a scroll of vulnerability
 l - a scroll of revelation
 o - 2 scrolls of acquirement {unknown}
 t - 2 scrolls of enchant armour
 w - a scroll of blinking
 A - a scroll of enchant weapon
 G - a scroll of fog {unknown}
 H - a scroll of poison {unknown}
Potions
 b - a potion of magic
 d - 2 potions of lignification
 f - 3 potions of haste
 v - a potion of mutation {unknown}
 z - 2 potions of degeneration {unknown}
 B - 3 potions of enlightenment {unknown}
 F - 2 potions of heal wounds {unknown}


   Skills:
 - Level 2.0 Fighting
 - Level 2.0 Staves
 - Level 1.5 Dodging
 - Level 3.0 Stealth
 - Level 3.1 Spellcasting
 - Level 3.9 Conjurations
 - Level 2.0 Hexes
 + Level 1.0 Translocations
 - Level 5.0 Fire Magic
 - Level 2.0 Evocations


You had 4 spell levels left.
You knew the following spells:

 Your Spells              Type           Power      Damage    Failure   Level
a - Foxfire               Conj/Fire      100%       2x1d9     2%          1
b - Scorch                Fire           88%        2d8       3%          2
c - Inner Flame           Hex/Fire       32%        N/A       12%         3
d - Blink                 Tloc           18%        N/A       17%         2

Your spell library contained the following spells:

 Spells                   Type           Power      Damage    Failure   Level
 Momentum Strike          Conj/Tloc      32%        3d8       10%         2
 Jinxbite                 Hex            28%        N/A       12%         2
 Dazzling Flash           Conj/Hex       38%        N/A       16%         3
 Volatile Blastmotes      Fire/Tloc      58%        2d14      16%         3
 Ensorcelled Hibernation  Hex/Ice        18%        N/A       17%         2
 Lesser Beckoning         Tloc           18%        N/A       17%         2
 Flame Wave               Conj/Fire      40%        2d11      26%         4
 Anguish                  Hex/Necr       4%         N/A       75%         4
 Silence                  Hex/Air        4%         N/A       97%         5
 Agony                    Necr           3%         N/A       99%         5


Dungeon Overview and Level Annotations

Branches:
Dungeon (6/15)
 Temple: D:4-7

Altars:
Cheibriados
Hepliaklqana
Makhleb
Qazlal
Vehumet
The Shining One

Shops:
D:3 :

Annotations:
D:5 Pikel


Innate Abilities, Weirdness & Mutations

Your serpentine skin is tough. (AC +2)
You have supernaturally acute eyesight. (SInv)
Armour fits poorly on your strangely shaped body.
Your system is resistant to poisons. (rPois)
You cover ground very slowly.
You can spit poison.
You have a snake-like lower body.


Message History

You have got your breath back.
Pikel closely misses you. The lemure barely misses you.
Aiming: Spit Poison (1% risk of failure)
Press: ? - help, Shift-Dir - straight line, f - Pikel
Aim: Pikel, wielding a +1 whip of electrocution, wearing a +0 robe and carrying a wand of charming (lightly wounded, poisoned, 50% to hit)
The splash of poison hits Pikel!
Pikel looks even sicker.
Pikel is moderately wounded.
Pikel closely misses you. The lemure barely misses you.
You barely miss Pikel.
Pikel is heavily wounded.
Pikel closely misses you. The lemure hits you! Pikel misses you.
The lemure misses you.
Casting: Scorch (safe; 3% risk of failure)
Confirm with . or Enter, or press ? or * to list all spells.
You feel a strong surge of power!
Flames lash the lemure but do no damage.
You have got your breath back.
Pikel hits you with a +1 whip of electrocution!
The lemure hits you.
Aiming: Spit Poison (1% risk of failure)
Press: ? - help, Shift-Dir - straight line, f/p - Pikel
Aim: Pikel, wielding a +1 whip of electrocution, wearing a +0 robe and carrying a wand of charming (heavily wounded, very poisoned, 50% to hit)
The splash of poison hits Pikel but does no damage.
Pikel is heavily wounded.
Pikel hits you with a +1 whip of electrocution!
You are electrocuted!
* * * LOW HITPOINT WARNING * * *
The lemure completely misses you.
Unknown command.
Aiming: Corrosive Bolt
Press: ? - help, Shift-Dir - straight line, f/p - Pikel
Aim: Pikel, wielding a +1 whip of electrocution, wearing a +0 robe and carrying a wand of charming (heavily wounded, very poisoned, 64% to hit)
The bolt of acid hits Pikel.
The acid corrodes Pikel!
Pikel is heavily wounded.
The lemure is no longer more vulnerable to fire.
Pikel hits you with a +1 whip of electrocution.
* * * LOW HITPOINT WARNING * * *
You are electrocuted!
You die...
Pikel says, "See you in Hell!"

#..........##.#.#..............
#.............###..........#...
####.........####.#........#...
##...##........##........##.
#...#..##>....##.......####
#...#.......#####......####
#####.....#..#####.......#.
##..#.....#.##...#......
####.....K@5........#......
#.........###..##.###.#....
#.#.##.....####.#.#........
##.##.#.##...>##.)...####...
#..#.##.#.............####..
#..##.#....####........# ##.
#.....................####..
#..........#..........###...
######..#..#..........#.....


You could see Pikel (poisoned, corroded) and a lemure.

Vanquished Creatures
  A water moccasin (D:5)
  An ogre (D:5)
  A lemure (D:6)
  A scorpion (D:4)
  A jelly (D:5)
  3 sleepcaps
  Jessica (D:2)
  2 iguanas
  An orc wizard (D:4)
  5 adders
  5 gnolls
  2 worms
  3 dart slugs
  8 orcs
  6 endoplasms
  8 goblins
  3 hobgoblins
  9 jackals
  2 quokkas
  5 ball pythons
  4 bats
  A frilled lizard (D:1)
  6 kobolds
  6 rats
85 creatures vanquished.

Vanquished Creatures (others)
  47 foxfires
47 creatures vanquished.

Grand Total: 132 creatures vanquished

Notes
Turn   | Place    | Note
-------+----------+-------------------------------------------
     0 | D:1      | jt the Naga Fire Elementalist began the quest for the Orb.
     0 | D:1      | Reached XP level 1. HP: 15/15 MP: 3/3
   200 | D:1      | Reached XP level 2. HP: 22/22 MP: 0/5
   203 | D:1      | Learned a level 2 spell: Scorch
   959 | D:2      | Reached XP level 3. HP: 28/28 MP: 6/6
  1097 | D:2      | Reached XP level 4. HP: 25/36 MP: 1/8
  1477 | D:2      | Found a faded altar of an unknown god.
  1930 | D:3      | Noticed Jessica
  1935 | D:2      | Killed Jessica
  1977 | D:3      | Reached skill level 4 in Fire Magic
  1997 | D:3      | Found Zuentice's Book Emporium.
  2014 | D:3      | Found a glowing golden altar of the Shining One.
  2054 | D:3      | Reached XP level 5. HP: 42/42 MP: 5/9
  2056 | D:3      | Found a burning altar of Makhleb.
  2059 | D:3      | Found a radiant altar of Vehumet.
  2059 | D:3      | Found a snail-covered altar of Cheibriados.
  2059 | D:3      | Found a hazy altar of Hepliaklqana.
  2079 | D:3      | Became a worshipper of Vehumet
  2408 | D:3      | Noticed an air elemental
  2410 | D:3      | Found a stormy altar of Qazlal.
  2411 | D:3      | Noticed a water elemental
  2411 | D:3      | Noticed a fire elemental
  2749 | D:4      | Reached skill level 1 in Fighting
  2749 | D:4      | Reached skill level 1 in Staves
  2772 | D:4      | Reached XP level 6. HP: 51/51 MP: 3/10
  3395 | D:5      | Entered Level 5 of the Dungeon
  3586 | D:5      | Reached skill level 1 in Evocations
  3673 | D:5      | Noticed a water moccasin
  3678 | D:5      | Killed a water moccasin
  3679 | D:5      | Reached XP level 7. HP: 60/60 MP: 4/11
  3797 | D:5      | Learned a level 3 spell: Inner Flame
  3824 | D:5      | Reached skill level 1 in Hexes
  4149 | D:6      | Noticed Pikel
  4155 | D:5      | Reached skill level 5 in Fire Magic
  4190 | D:3      | Bought a book of Spatial Translocations for 252 gold pieces
  4193 | D:3      | Learned a level 2 spell: Blink
  4285 | D:6      | Reached skill level 1 in Translocations
  4411 | D:5      | Slain by Pikel

Illustrated notes

Levels and vault maps discovered:
D:1:      eino_arrival_water_cross, layout_loops_cross, hex_tiny,
          nicolae_figureground_sparkle
D:2:      layout_basic, hellmonk_ecumenical_altar_pennies_from_heaven,
          minivault_25
D:3:      layout_rooms, nicolae_qazlal_style_of_elements,
          grunt_temple_overflow_open, serial_shops, shop, serial_park_tiny_pond,
          uniq_jessica
D:4:      layout_cave_pools
D:5:      layout_cave_pools, minmay_misc_feat_tiny, kennysheep_generic_room_5
D:6:      layout_loops_cross, minmay_temple_entry_drinking_statues, uniq_pikel

Skill      XL: |  1  2  3  4  5  6  7 |
---------------+----------------------+-----
Conjurations   | 2 3 |  3.9
Spellcasting   | 3 |  3.1
Fire Magic     | 4 5 |  5.0
Fighting       | 1 2 |  2.0
Staves         | 1 2 |  2.0
Evocations     | 2 |  2.0
Hexes          | 2 |  2.0
Translocations | 1 |  1.0
Dodging        | |  1.5
Stealth        | |  3.0

Action                     |  1- 3 |  4- 6 |  7- 9 || total
---------------------------+-------+-------+-------++-------
  Melee: Unarmed           |     1 |       |       ||     1
         Falchion          |    21 |       |       ||    21
         Short sword       |     1 |       |       ||     1
         Staff             |     5 |    47 |     6 ||    58
         Hand axe          |       |     7 |       ||     7
         Punch             |       |     1 |       ||     1
   Cast: Foxfire           |    12 |    10 |     4 ||    26
         Scorch            |     8 |    36 |    15 ||    59
         Inner Flame       |       |       |     2 ||     2
Ability: Spit Poison       |    20 |    23 |     9 ||    52
  Evoke: Wand              |       |     1 |     1 ||     2
    Use: Scroll            |     1 |     7 |     1 ||     9
         Potion            |     1 |     2 |     2 ||     5
   Stab: Sleeping          |     2 |     1 |       ||     3
 Armour: Robe              |    26 |    45 |    13 ||    84
         Skin              |       |    49 |       ||    49
  Dodge: Dodged            |    18 |    85 |    16 ||   119

Table legend: (Time is in decaauts)
 A = Elapsed time spent in this place.
 B = Non-inter-level travel time spent in this place.
 C = Inter-level travel time spent in this place.
 D = Time resting spent in this place.
 E = Time spent auto-exploring this place.
 F = Levels seen in this place.
 G = Mean time per level.
                   A        B        C        D        E       F      G
               +--------+--------+--------+--------+--------+-----+--------+
         Total |   5461 |   5136 |    325 |   1073 |   2916 |   6 |  910.2 |
       Dungeon |   5461 |   5136 |    325 |   1073 |   2916 |   6 |  910.2 |
               +--------+--------+--------+--------+--------+-----+--------+

Top non-repeatable levels by time:
     D:2: 1305 daAuts
     D:1: 1135 daAuts
     D:5: 1091 daAuts
     D:4: 1067 daAuts
     D:3: 793 daAuts
     D:6: 67 daAuts
